 Dungeon Crawl Stone Soup version 0.29-a0-352-g0917bc69df (webtiles) character file.

Game seed: 17959925939882321328

21 Colgate the Sneak (level 3, 0/21 HPs)
             Began as a Kobold Brigand on Apr 24, 2022.
             Slain by a jackal (2 damage)
             ... on level 1 of the Dungeon.
             The game lasted 00:02:01 (464 turns).

Colgate the Sneak (Kobold Brigand)                   Turns: 464, Time: 00:02:01

Health: 0/21       AC:  3    Str:  8    XL:     3   Next: 5%
Magic:  3/3        EV: 14    Int: 12    God:
Gold:   27         SH:  0    Dex: 18    Spells: 2/2 levels left

rFire   . . .      SeeInvis .   a - +2 dagger
rCold   . . .      Faith    .   (no shield)
rNeg    . . .      Spirit   .   b - +0 robe
rPois   .          Reflect  .   (no helmet)
rElec   .          Harm     .   c - +0 cloak
rCorr   .          Rampage  .   (no gloves)
Will    .....                   (no boots)
Stlth   ++++......              (no amulet)
HPRegen 0.07/turn               (no ring)
MPRegen 0.08/turn               (no ring)

@: no status effects
A: small, no large weapons, nightstalker 3
a: no special abilities


You were on level 1 of the Dungeon.
You visited 1 branch of the dungeon, and saw 1 of its levels.

You collected 27 gold pieces.

Inventory:

Hand Weapons
 a - a +2 dagger (weapon)
Missiles
 d - 9 poisoned darts (quivered)
 e - 3 curare-tipped darts
Armour
 b - a +0 robe (worn)
 c - a +0 cloak (worn)


   Skills:
 - Level 2.1 Fighting
 - Level 4.0 Short Blades
 - Level 2.1 Throwing
 - Level 1.2 Dodging
 + Level 5.7 Stealth


You had 2 spell levels left.
You didn't know any spells.
Your spell library was empty.

Dungeon Overview and Level Annotations

Branches:
Dungeon (1/15)

Altars:


Innate Abilities, Weirdness & Mutations

You are small and have problems with some larger weapons.
You are completely attuned to the shadows.


Message History

You hit the jackal.
You kill the jackal!
The jackal bites you but does no damage.
The jackal misses you. The jackal barely misses you.
You have reached level 3!
Your experience leads to an increase in your attributes!
Increase (S)trength, (I)ntelligence, or (D)exterity?
You feel agile. x2
You hit the jackal.
The jackal bites you but does no damage. x2
The jackal bites you.
There are monsters nearby!
The jackal attacks as you move away! The jackal bites you.
* * * LOW HITPOINT WARNING * * *
The jackal closely misses you.
The jackal bites you but does no damage. x2
You hit the jackal but do no damage.
The jackal bites you but does no damage.
The jackal closely misses you.
You hit the jackal. The jackal barely misses you.
The jackal closely misses you. The jackal misses you.
The jackal closely misses you.
There are monsters nearby!
You closely miss the jackal. The jackal completely misses you.
The jackal bites you but does no damage.
The jackal misses you.
You hit the jackal.
The jackal bites you but does no damage.
The jackal closely misses you. The jackal bites you.
* * * LOW HITPOINT WARNING * * *
You hit the jackal but do no damage. The jackal bites you.
* * * LOW HITPOINT WARNING * * *
The jackal closely misses you.
The jackal bites you but does no damage.
You hit the jackal.
You kill the jackal!
The jackal barely misses you. The jackal bites you.
* * * LOW HITPOINT WARNING * * *
The jackal bites you.
You die...

..............##..#
#......###....##.#
##......# ##....###
.....#### ##....#
...>...#### ##...##
...†.#..... ##)†.#
.....#...## #...##
.....#h.... ......#
####..@.### ######.#
##†h.... #.# #..#.##
#.# ##.#.# #.# #.. #
###.# #..## #...#
######## #...# #.###
.......## #...## #.#
.........######...###
#.#


You could see 2 jackals.

Vanquished Creatures
  A gnoll (D:1)
  A bat (D:1)
  2 giant cockroaches (D:1)
  A hobgoblin (D:1)
  2 jackals (D:1)
  A quokka (D:1)
  A kobold (D:1)
  2 rats (D:1)
11 creatures vanquished.

Vanquished Creatures (others)
  20 plants (D:1)
20 creatures vanquished.

Grand Total: 31 creatures vanquished

Notes
Turn   | Place    | Note
-------+----------+-------------------------------------------
     0 | D:1      | Colgate the Kobold Brigand began the quest for the Orb.
     0 | D:1      | Reached XP level 1. HP: 12/12 MP: 1/1
    18 | D:1      | Reached XP level 2. HP: 17/17 MP: 2/2
   456 | D:1      | Reached XP level 3. HP: 9/21 MP: 3/3
   464 | D:1      | Slain by a jackal

Illustrated notes

Levels and vault maps discovered:
D:1:      dreamdust_arrival_beginning_and_end, layout_basic, wad_woods_river_04,
          nrook_mini_backslash

Skill      XL: |  1  2 |
---------------+-------+-----
Short Blades   | 3 4 |  4.0
Fighting       | |  2.1
Throwing       | |  2.1
Dodging        | |  1.2
Stealth        | |  5.7

Action                   || total
-------------------------++-------
Melee: Dagger            ||   106
 Stab: Sleeping          ||     7
Armor: Robe              ||    12
Dodge: Dodged            ||    33

Table legend: (Time is in decaauts)
 A = Elapsed time spent in this place.
 B = Non-inter-level travel time spent in this place.
 C = Inter-level travel time spent in this place.
 D = Time resting spent in this place.
 E = Time spent auto-exploring this place.
 F = Levels seen in this place.
 G = Mean time per level.
                   A        B        C        D        E       F      G
               +--------+--------+--------+--------+--------+-----+--------+
         Total |    463 |    463 |      0 |      0 |    198 |   1 |  463.0 |
       Dungeon |    463 |    463 |      0 |      0 |    198 |   1 |  463.0 |
               +--------+--------+--------+--------+--------+-----+--------+

Top non-repeatable levels by time:
     D:1: 463 daAuts
